 Dungeon Crawl Stone Soup version 0.19-a0-414-g76fec5b (webtiles) character file.

81 Ijustatesigmund the Skirmisher (level 4, 0/61 HPs)
             Began as a Hill Orc Fighter on May 31, 2016.
             Slain by a gnoll
             ... wielding a +0 whip
              (3 damage)
             ... on level 3 of the Dungeon.
             The game lasted 00:02:59 (1503 turns).

Ijustatesigmund the Skirmisher (Hill Orc Fighter)   Turns: 1503, Time: 00:03:00

Health: 0/61       AC:  6    Str: 23    XL:     4   Next: 40%
Magic:  4/4        EV:  7    Int:  8    God:
Gold:   92         SH:  9    Dex: 11    Spells: 0 memorised, 3 levels left

rFire  . . .     SeeInvis .     a - +0 war axe
rCold  . . .     Gourm    .     b - +0 scale mail
rNeg   . . .     Faith    .     c - +0 shield
rPois  .         Spirit   .     (no helmet)
rElec  .         Dismiss  .     (no cloak)
rCorr  .         Reflect  .     (no gloves)
SustAt .         Harm     .     (no boots)
MR     .....                    (no amulet)
Stlth  ..........               (no ring)
                                (no ring)

@: berserking, very quick, not resistant to hostile enchantments, extremely
unstealthy
A: no striking features
a: no special abilities


You were on level 3 of the Dungeon.
You were not hungry.

You visited 1 branch of the dungeon, and saw 3 of its levels.

You collected 92 gold pieces.

Inventory:

Hand Weapons
 a - a +0 war axe (weapon)
Missiles
 j - 8 javelins (quivered)
Armour
 b - a +0 scale mail (worn)
 c - a +0 shield (worn)
 e - a +0 helmet
Scrolls
 n - 3 scrolls of identify
Potions
 d - a potion of might
 g - a potion of curing
 l - a potion of berserk rage
 m - a potion of lignification
Comestibles
 f - 2 bread rations
 h - a meat ration
 i - 2 slices of pizza
 k - 6 fruits


   Skills:
 + Level 4.9 Fighting
 + Level 4.7 Axes
 - Level 3.2 Armour
 - Level 3.2 Shields


You had 3 spell levels left.
You didn't know any spells.

Dungeon Overview and Level Annotations

Branches:
Dungeon (3/15)

Altars:
Ashenzari
Dithmenos
Xom


Message History

A red film seems to cover your vision as you go berserk!
You feel yourself moving faster!
You feel mighty! The gnoll hits you with a whip.
* * * LOW HITPOINT WARNING * * *
The gnoll hits you with a whip.
* * * LOW HITPOINT WARNING * * *
You closely miss the gnoll.
The gnoll is severely wounded.
Your shield prevents you from hitting the gnoll.
The gnoll hits you but does no damage. You block the gnoll's attack.
You completely miss the gnoll.
The gnoll is severely wounded.
You closely miss the gnoll. The gnoll hits you but does no damage.
The gnoll hits you with a whip.
* * * LOW HITPOINT WARNING * * *
You barely miss the gnoll.
The gnoll is severely wounded.
Your shield and scale mail prevent you from hitting the gnoll.
The gnoll hits you with a whip.
You die...

#.^.≈.#§.§§...# #.#
#.. ###...≈.≈♣.≈###
#.# ### ##≈..≈(♣≈##
#.#
##..≈≈≈#######.#
#######.###.....#.#
................#.#
####.#.).g......#.#
# #g####.....#.#
#.@g.......
########... .# #


You could see 2 gnolls.

Vanquished Creatures
  An adder (D:2)
  A gnoll (D:3)
  An ooze (D:3)
  A worm (D:2)
  2 dart slugs
  A giant gecko (D:1)
  An orc (D:3)
  10 bats
  5 giant cockroaches
  4 goblins
  6 hobgoblins
  A quokka (D:2)
  A giant newt (D:2)
  7 kobolds
  4 rats
46 creatures vanquished.

Notes
Turn   | Place    | Note
--------------------------------------------------------------
     0 | D:1      | Ijustatesigmund the Hill Orc Fighter began the quest for the Orb.
     0 | D:1      | Reached XP level 1. HP: 19/19 MP: 1/1
   286 | D:1      | Reached XP level 2. HP: 19/27 MP: 2/2
   657 | D:1      | Reached XP level 3. HP: 28/33 MP: 3/3
   779 | D:2      | Found a shadowy altar of Dithmenos.
  1008 | D:2      | Found a shattered altar of Ashenzari.
  1185 | D:2      | Reached XP level 4. HP: 41/41 MP: 4/4
  1465 | D:3      | Found a shimmering altar of Xom.
  1466 | D:3      | Found a shimmering altar of Xom.
  1466 | D:3      | Found a shimmering altar of Xom.
  1498 | D:3      | HP: 2/41 [gnoll/whip (4)]
  1503 | D:3      | Slain by a gnoll

Vault maps used:
D:1:      dpeg_arrival_radiant
D:2:      nicolae_dithmenos_shadow_blocks, nicolae_overflow_hidden_temple,
          grunt_ministairs_1
D:3:      xom_redecorated, amalloy_card_club

Skill      XL: |  1  2  3 |
---------------+----------+-----
Axes           | 3 4 |  4.7
Fighting       | 4 |  4.9
Armour         | |  3.2
Shields        | |  3.2

Action                   |  1- 3 |  4- 6 || total
-------------------------+-------+-------++-------
Melee: War axe           |   123 |    29 ||   152
  Use: Scroll            |     7 |     1 ||     8
       Potion            |       |     2 ||     2
  Eat: Chunk             |     1 |     1 ||     2
Armor: Scale mail        |    60 |     8 ||    68
Dodge: Dodged            |    54 |    11 ||    65
Block: Shield            |    70 |    15 ||    85
